 Dungeon Crawl Stone Soup version 0.30-a0-1074-g5db6f66fbb (webtiles) character file.

Game seed: 187333315838382665

77 BubbleThief the Trooper (level 4, 0/37 HPs)
             Began as a Demonspawn Cinder Acolyte on Apr 13, 2023.
             Was a High Priest of Ignis.
             Slain by a gnoll
             ... wielding a +0 whip
              (6 damage)
             ... on level 2 of the Dungeon.
             The game lasted 00:02:25 (1736 turns).

BubbleThief the Trooper (Demonspawn Cinder Acolyte) Turns: 1736, Time: 00:02:26

Health: 0/37       AC:  2    Str: 16    XL:     4   Next: 14%
Magic:  5/5        EV: 11    Int: 15    God:    Ignis [*****.]
Gold:   63         SH:  0    Dex: 15    Spells: 5/5 levels left

rFire   + . .      SeeInvis .    a - -1 spear (flame)
rCold   . . .      Faith    .    (no shield)
rNeg    . . .      Spirit   .    b - +0 robe
rPois   .          Reflect  .    (no helmet)
rElec   .          Rampage  .    (no cloak)
rCorr   .                        (no gloves)
Will    .....                    (no boots)
Stlth   +                        (no amulet)
HPRegen 0.26/turn                d - +6 ring of dexterity
MPRegen 0.09/turn                (no ring)

@: no status effects
A: sturdy frame 3
a: Renounce Religion, Fiery Armour, Foxfire Swarm, Rising Flame


You were on level 2 of the Dungeon.
You worshipped Ignis.
Ignis was extremely pleased with you.
You visited 1 branch of the dungeon, and saw 3 of its levels.

You collected 63 gold pieces.

Inventory:

Hand Weapons
 a - a -1 spear of flaming (weapon)
Missiles
 m - 6 atropa-tipped darts (quivered)
Armour
 b - a +0 robe (worn)
Jewellery
 d - a +6 ring of dexterity (left hand)
 k - a ring of fire
Scrolls
 e - 2 scrolls of identify {unknown}
 f - 2 scrolls of immolation {unknown}
 g - 2 scrolls of teleportation {unknown}
Potions
 c - a potion of berserk rage {unknown}
 h - a potion of flight {unknown}
 i - 2 potions of degeneration {unknown}
 j - 2 potions of lignification {unknown}
 l - a potion of attraction {unknown}
 n - a potion of magic {unknown}


   Skills:
 + Level 4.1 Fighting
 + Level 3.7 Polearms
 - Level 1.0 Spellcasting
 - Level 2.6 Fire Magic


You had 5 spell levels left.
You didn't know any spells.
Your spell library contained the following spells:

 Spells                   Type           Power      Damage    Failure   Level
 Scorch                   Fire           16%        2d5       12%         2
 Ensorcelled Hibernation  Hex/Ice        0%         N/A       36%         2
 Passwall                 Tmut/Erth      0%         N/A       36%         2
 Swiftness                Air            0%         N/A       58%         3


Dungeon Overview and Level Annotations

Branches:
Dungeon (3/15)

Altars:


Innate Abilities, Weirdness & Mutations

Your movements are significantly less encumbered by armour. (ER -6)


Message History

Aim: a gnoll, wielding a +0 whip (confused, blind, about 17% to evade your -1 spear of flaming)
You reach to attack!
You strike the helpless gnoll from behind!
You hit the gnoll. You burn the gnoll.
The gnoll is moderately wounded.
The gnoll seems less confused.
There is a stone staircase leading up here.
Items here: ( )) ††.
You strike the helpless gnoll from behind!
You hit the gnoll. You burn the gnoll.
The gnoll is heavily wounded.
A gnoll comes into view. It is wielding a +0 flail.
The gnoll shouts!
You hit the gnoll but do no damage.
The gnoll is heavily wounded.
You hear a shout!
The gnoll is no longer blind.
The gnoll barely misses you.
A gnoll comes into view. It is wielding a +0 flail.
A gnoll comes into view. It is wielding a +0 spear.
You completely miss the gnoll.
The gnoll is heavily wounded.
The gnoll shouts!
The gnoll hits you with a +0 whip.
Unknown command.
The gnoll hits you with a +0 whip.
You climb upwards.
There is a stone staircase leading down here.
Unknown command.
Unknown command.
You hit the gnoll. You burn the gnoll.
The gnoll is almost dead.
The gnoll hits you with a +0 whip.
You hit the gnoll but do no damage.
The gnoll is almost dead.
The gnoll hits you with a +0 whip!
* * * LOW HITPOINT WARNING * * *
You hit the gnoll but do no damage.
The gnoll is almost dead.
The gnoll hits you with a +0 whip.
You die...

#.#.###...#
#.....#.#.#
###.#.#.#.####
#....#.#..).#
#...##.####.#
#...##.####.#
#...#...<...#
#######...##.#######
....##.._..##...@g.#
...##...§...####.#.###
..##...###...###.#...#
†.#...## ##...##.###.#
.....#######.....# #.#
.....# #.# #...#.#
#.#### ....## #.#
#.#...# #....# #####
#.# #....####..#.# #.#
###.....#..#.#


You could see a gnoll.

Vanquished Creatures
  2 gnolls (D:3)
  A worm (D:2)
  3 dart slugs (D:1)
  5 bats
  4 endoplasms (D:1)
  2 giant cockroaches (D:1)
  5 goblins (D:1)
  3 hobgoblins
  4 jackals (D:1)
  3 quokkas
  4 ball pythons (D:1)
  3 frilled lizards
  6 kobolds
  3 rats
48 creatures vanquished.

Notes
Turn   | Place    | Note
-------+----------+-------------------------------------------
     0 | D:1      | BubbleThief the Demonspawn Cinder Acolyte began the quest
                  | for the Orb.
     0 | D:1      | Reached XP level 1. HP: 18/18 MP: 2/2
   236 | D:1      | Gained mutation: Your movements are slightly less
                  | encumbered by armour. (ER -2) [demonic ancestry]
   236 | D:1      | Reached XP level 2. HP: 24/24 MP: 3/3
   572 | D:1      | Gained mutation: Your movements are less encumbered by
                  | armour. (ER -4) [demonic ancestry]
   572 | D:1      | Reached XP level 3. HP: 30/30 MP: 4/4
  1224 | D:2      | Identified the +0 flail "Zeente Asaph" {flame, Will+
                  | Stlth+}
  1252 | D:2      | Found a faded altar of an unknown god.
  1719 | D:3      | Reached skill level 4 in Fighting
  1722 | D:3      | Gained mutation: Your movements are significantly less
                  | encumbered by armour. (ER -6) [demonic ancestry]
  1722 | D:3      | Reached XP level 4. HP: 22/37 MP: 5/5
  1736 | D:2      | Slain by a gnoll

Illustrated notes

Levels and vault maps discovered:
D:1:      dpeg_arrival_circle_labyrinth_a, layout_basic,
          chequers_serial_rivers_marsh, st_stairs_3
D:2:      layout_basic, hellmonk_ecumenical_altar_crossroads, basic_altar
D:3:      layout_rooms, gammafunk_ghost_grave, uniq_crazy_yiuf_cottage

Skill      XL: |  1  2  3 |
---------------+----------+-----
Polearms       | 3 |  3.7
Fighting       | 4 |  4.1
Spellcasting   | |  1.0
Fire Magic     | |  2.6

Action                     |  1- 3 |  4- 6 || total
---------------------------+-------+-------++-------
  Melee: Spear             |   162 |    10 ||   172
         Punch             |     2 |       ||     2
  Throw: Dart              |     1 |     2 ||     3
   Stab: Sleeping          |     3 |       ||     3
         Invisible         |       |     2 ||     2
 Armour: Robe              |    17 |       ||    17
  Dodge: Dodged            |    70 |     2 ||    72

Table legend: (Time is in decaauts)
 A = Elapsed time spent in this place.
 B = Non-inter-level travel time spent in this place.
 C = Inter-level travel time spent in this place.
 D = Time resting spent in this place.
 E = Time spent auto-exploring this place.
 F = Levels seen in this place.
 G = Mean time per level.
                   A        B        C        D        E       F      G
               +--------+--------+--------+--------+--------+-----+--------+
         Total |   1728 |   1661 |     67 |      0 |   1340 |   3 |  576.0 |
       Dungeon |   1728 |   1661 |     67 |      0 |   1340 |   3 |  576.0 |
               +--------+--------+--------+--------+--------+-----+--------+

Top non-repeatable levels by time:
     D:1: 1118 daAuts
     D:2: 579 daAuts
     D:3: 31 daAuts
